Philadelphia Flyers vs San Jose Sharks
Created - Thursday, March 30, 2023 at 07:11
Goals
|
| Philadelphia Flyers |
0 |
2 |
2 |
4 |
| San Jose Sharks |
0 |
1 |
0 |
1 |
|
Shots
|
| Philadelphia Flyers |
7 |
19 |
6 |
32 |
| San Jose Sharks |
12 |
11 |
12 |
35 |
|
1st period
No Goal
Penalties :
Oliver Ekman-Larsson (PHI) for High sticking (Minor) at 3:57, Joel Edmundson (SJS) for Hooking (Minor) at 15:45
2nd period
1. Philadelphia Flyers , Tyler Bertuzzi 7 (Elias Lindholm 10, Ben Chiarot 4) at 1:11
2. Philadelphia Flyers , Yanni Gourde 1 (Elias Lindholm 11, Justin Faulk 5) at 1:37 (PP)
3. San Jose Sharks , Jakob Silfverberg 5 (William Karlsson 13, Oliver Bjorkstrand 12) at 10:44
Penalties :
Ryan Hartman (SJS) for Roughing (Minor) at 1:14, Tyler Bertuzzi (PHI) for Delaying the game (Minor) at 6:58
3rd period
4. Philadelphia Flyers , Tyler Bertuzzi 8 (Elias Lindholm 12) at 14:02 (PP)
5. Philadelphia Flyers , Tyler Bertuzzi 9 (Elias Lindholm 13) at 17:58 (PP)
Penalties :
Anthony DeAngelo (SJS) for Tripping (Minor) at 2:58, Oskar Sundqvist (SJS) for Roughing (Minor) at 14:01, Mike Hoffman (SJS) for Interference (Minor) at 17:56
Goalie Stats
Mackenzie Blackwood (PHI), 34 saves from 35 shots - (0.971), W, 2-2-0, 60:00 minutes
Malcolm Subban (SJS), 28 saves from 32 shots - (0.875), L, 1-1-1, 60:00 minutes
Players Stats for Philadelphia Flyers
Player Name G A P +/- PIM S H SB GA TA FO MP PP MP PK MP
------------------------------------------------------------------------------------
Alexander Barabanov 0 0 0 1 0 0 1 0 1 1 0/0 16:58 0:19 0:56
Alexander Edler 0 0 0 0 0 1 1 1 0 0 0/0 20:32 2:35 2:08
Ben Chiarot 0 1 1 1 0 1 2 2 0 2 0/0 20:07 0:00 2:27
Calle Jarnkrok 0 0 0 0 0 4 1 1 1 1 7/12 12:55 0:00 2:12
Carter Verhaeghe 0 0 0 -1 0 4 2 0 1 0 0/2 16:59 1:48 0:00
Derrick Pouliot 0 0 0 0 0 2 0 0 0 0 0/0 18:29 1:49 0:00
Elias Lindholm 0 4 4 1 0 3 1 0 2 2 14/24 25:26 2:27 1:37
Evan Rodrigues 0 0 0 0 0 1 0 0 0 0 1/2 16:48 1:48 0:00
Evgenii Dadonov 0 0 0 -1 0 1 1 0 0 0 0/1 12:38 2:11 0:00
Justin Faulk 0 1 1 -1 0 0 3 0 0 0 0/0 20:14 2:35 0:21
Marcus Johansson 0 0 0 0 0 1 1 0 1 0 0/0 12:11 0:09 0:09
Matt Boldy 0 0 0 0 0 0 0 1 0 0 0/0 1:51 0:00 0:00
Matt Roy 0 0 0 -1 0 0 1 1 1 1 0/0 19:13 0:00 1:44
Oliver Ekman-Larsson 0 0 0 1 2 2 0 2 1 0 0/0 21:35 1:49 1:16
Tomas Tatar 0 0 0 0 0 1 0 0 0 0 0/2 11:18 0:00 0:00
Tyler Bertuzzi 3 0 3 1 2 6 1 0 4 0 1/2 17:54 2:27 0:50
Tyler Johnson 0 0 0 -1 0 0 1 0 0 0 2/5 11:23 0:00 0:00
Yanni Gourde 1 0 1 0 0 5 3 0 0 0 11/18 19:29 2:03 2:12
Players Stats for San Jose Sharks
Player Name G A P +/- PIM S H SB GA TA FO MP PP MP PK MP
------------------------------------------------------------------------------------
Andreas Athanasiou 0 0 0 0 0 2 2 1 1 0 2/4 10:40 0:00 0:00
Anthony DeAngelo 0 0 0 0 2 0 0 2 0 2 0/0 19:08 1:37 0:50
David Savard 0 0 0 0 0 0 3 0 1 2 0/0 28:06 2:21 3:03
Derek Forbort 0 0 0 0 0 3 2 3 1 1 0/0 27:46 2:21 2:53
Henri Jokiharju 0 0 0 0 0 2 0 2 0 1 0/0 18:16 0:00 0:31
Jacob Middleton 0 0 0 0 0 1 1 2 0 1 0/0 15:26 0:00 1:31
Jakob Silfverberg 1 0 1 0 0 3 0 1 1 0 0/1 19:10 1:49 1:13
Jesper Fast 0 0 0 0 0 0 1 0 0 0 0/2 8:21 0:00 0:47
Joel Edmundson 0 0 0 0 2 0 1 4 0 0 0/0 11:21 1:37 0:00
Michael Bunting 0 0 0 0 0 7 3 1 0 0 0/0 17:56 1:49 0:00
Mike Hoffman 0 0 0 0 2 3 1 0 0 1 1/1 10:56 0:12 0:00
Nick Paul 0 0 0 0 0 1 2 0 0 0 9/20 18:20 1:49 0:24
Oliver Bjorkstrand 0 1 1 0 0 1 1 2 0 1 1/2 20:18 1:57 1:13
Oskar Sundqvist 0 0 0 0 2 0 1 0 2 0 0/2 7:50 0:12 0:00
Ryan Hartman 0 0 0 0 2 3 5 3 1 0 19/34 21:31 1:57 2:24
Sonny Milano 0 0 0 0 0 1 2 0 0 0 0/0 7:34 0:00 0:00
Tanner Pearson 0 0 0 0 0 2 0 0 0 1 0/0 10:57 0:12 0:00
William Karlsson 0 1 1 0 0 6 1 1 0 2 0/2 21:55 1:57 2:47
3 Stars
1 - Tyler Bertuzzi (PHI)
2 - Mackenzie Blackwood (PHI)
3 - Elias Lindholm (PHI)
Power Play
Philadelphia Flyers - 3 on 5 Attempt(s) - 60.00%
San Jose Sharks - 0 on 2 Attempt(s) - 0.00%
Penalty Kill
Philadelphia Flyers - 2 on 2 Attempt(s) - 100.00%
- Score 0 goal in Penalty Kill
San Jose Sharks - 2 on 5 Attempt(s) - 40.00%
- Score 0 goal in Penalty Kill
Team Stat
Philadelphia Flyers - Hits : 19 - Faceoff Wins : 36 - Blocked Shots : 8 - Penalty Minutes : 4
San Jose Sharks - Hits : 26 - Faceoff Wins : 32 - Blocked Shots : 22 - Penalty Minutes : 10
Official
Referees : Tim Peel and Dan O'Rourke
Linesman : Andy McElman and Mark Wheler
Game Notes
Matt Boldy is injured at 9:55 of 1st period (Lower Body)
Joel Edmundson is injured at 13:55 of 2nd period (Strained Right Knee)
Tyler Bertuzzi has scored a Hat Trick!
Finance
Level 1 -- Attendance: 6000 (100.00%) -- Ticket Income $582,000
Level 2 -- Attendance: 4278 (85.56%) -- Ticket Income $243,846
Level 3 -- Attendance: 3000 (100.00%) -- Ticket Income $99,000
Level 4 -- Attendance: 4800 (96.00%) -- Ticket Income $105,600
Luxury Box -- Attendance: 1000 (100.00%) -- Ticket Income $193,000
Game was played at the SAP Center at San Jose.
Total Attendance: 19078 (95.39%)
Total Ticket Income: $1,223,446
Other Income: $428,206
Total Income: $1,651,652
Philadelphia Flyers
5 vs 5 Forward
Center Left Wing Right Wing Time % Phy DF OF
1 Elias Lindholm Tyler Bertuzzi Alexander Barabanov 30 1 1 3
2 Yanni Gourde Matt Boldy Evan Rodrigues 30 1 1 3
3 Calle Jarnkrok Carter Verhaeghe Evgenii Dadonov 20 0 3 2
4 Tyler Johnson Tomas Tatar Marcus Johansson 20 0 3 1
5 vs 5 Defense
Defense Defense Time % Phy DF OF
1 Justin Faulk Matt Roy 35 1 2 2
2 Oliver Ekman-Larsson Ben Chiarot 35 1 2 2
3 Alexander Edler Derrick Pouliot 30 1 2 2
4 Justin Faulk Matt Roy 0 1 2 2
PowerPlay Forward
Center Left Wing Right Wing Time % Phy DF OF
1 Elias Lindholm Tyler Bertuzzi Matt Boldy 55 0 1 4
2 Evan Rodrigues Carter Verhaeghe Evgenii Dadonov 45 0 1 4
PowerPlay Defense
Defense Defense Time % Phy DF OF
1 Justin Faulk Alexander Edler 55 0 1 4
2 Oliver Ekman-Larsson Derrick Pouliot 45 0 1 4
Penalty Kill 4 Players Forward
Center Wing Time % Phy DF OF
1 Yanni Gourde Calle Jarnkrok 55 0 4 1
2 Elias Lindholm Tyler Bertuzzi 45 0 4 1
Penalty Kill 4 Players Defense
Defense Defense Time % Phy DF OF
1 Ben Chiarot Oliver Ekman-Larsson 50 0 4 1
2 Matt Roy Alexander Edler 50 0 4 1
Penalty Kill - 3 Players Forward
Forward Time % Phy DF OF
1 Yanni Gourde 50 0 4 1
2 Calle Jarnkrok 50 0 4 1
Penalty Kill - 3 Players Defense
Defense Defense Time % Phy DF OF
1 Ben Chiarot Oliver Ekman-Larsson 50 0 5 0
2 Matt Roy Alexander Edler 50 0 5 0
4 vs 4 Forward
Center Wing Time % Phy DF OF
1 Elias Lindholm Tyler Bertuzzi 50 1 1 3
2 Yanni Gourde Matt Boldy 50 1 1 3
4 vs 4 Defense
Defense Defense Time % Phy DF OF
1 Justin Faulk Matt Roy 50 1 2 2
2 Oliver Ekman-Larsson Ben Chiarot 50 1 2 2
Last Minutes Offensive
Center Left Wing Right Wing Defense Defense
Elias Lindholm Tyler Bertuzzi Matt Boldy Justin Faulk Oliver Ekman-Larsson
Last Minutes Defensive
Center Left Wing Right Wing Defense Defense
Elias Lindholm Tyler Bertuzzi Yanni Gourde Ben Chiarot Matt Roy
Goaltenders
Starting : Mackenzie Blackwood
Backup : Linus Ullmark
Extra Forwards
Normal : Elias Lindholm, Yanni Gourde, Carter Verhaeghe - PP : Elias Lindholm, Yanni Gourde - PK : Elias Lindholm
Extra Defensemen
Normal : Justin Faulk, Oliver Ekman-Larsson, Alexander Edler - PP : Justin Faulk - PK : Ben Chiarot, Alexander Edler
Penalty Shots
Evgenii Dadonov, Evan Rodrigues, Calle Jarnkrok, Ben Chiarot, Matt Roy
San Jose Sharks
5 vs 5 Forward
Center Left Wing Right Wing Time % Phy DF OF
1 Ryan Hartman William Karlsson Oliver Bjorkstrand 40 1 2 2
2 Nick Paul Michael Bunting Jakob Silfverberg 30 1 2 2
3 Andreas Athanasiou Tanner Pearson Mike Hoffman 20 1 2 2
4 Oskar Sundqvist Sonny Milano Jesper Fast 10 1 2 2
5 vs 5 Defense
Defense Defense Time % Phy DF OF
1 David Savard Derek Forbort 40 1 2 2
2 Anthony DeAngelo Joel Edmundson 30 1 2 2
3 Henri Jokiharju Jacob Middleton 20 1 2 2
4 David Savard Derek Forbort 10 1 2 2
PowerPlay Forward
Center Left Wing Right Wing Time % Phy DF OF
1 Ryan Hartman William Karlsson Oliver Bjorkstrand 60 1 2 2
2 Nick Paul Michael Bunting Jakob Silfverberg 40 1 2 2
PowerPlay Defense
Defense Defense Time % Phy DF OF
1 David Savard Derek Forbort 60 1 2 2
2 Anthony DeAngelo Joel Edmundson 40 1 2 2
Penalty Kill 4 Players Forward
Center Wing Time % Phy DF OF
1 Ryan Hartman William Karlsson 60 1 2 2
2 Oliver Bjorkstrand Jakob Silfverberg 40 1 2 2
Penalty Kill 4 Players Defense
Defense Defense Time % Phy DF OF
1 David Savard Derek Forbort 60 1 2 2
2 Anthony DeAngelo Joel Edmundson 40 1 2 2
Penalty Kill - 3 Players Forward
Forward Time % Phy DF OF
1 Ryan Hartman 60 1 2 2
2 William Karlsson 40 1 2 2
Penalty Kill - 3 Players Defense
Defense Defense Time % Phy DF OF
1 David Savard Derek Forbort 60 1 2 2
2 Anthony DeAngelo Joel Edmundson 40 1 2 2
4 vs 4 Forward
Center Wing Time % Phy DF OF
1 Ryan Hartman William Karlsson 60 1 2 2
2 Oliver Bjorkstrand Jakob Silfverberg 40 1 2 2
4 vs 4 Defense
Defense Defense Time % Phy DF OF
1 David Savard Derek Forbort 60 1 2 2
2 Anthony DeAngelo Joel Edmundson 40 1 2 2
Last Minutes Offensive
Center Left Wing Right Wing Defense Defense
Ryan Hartman William Karlsson Oliver Bjorkstrand David Savard Derek Forbort
Last Minutes Defensive
Center Left Wing Right Wing Defense Defense
Ryan Hartman William Karlsson Oliver Bjorkstrand David Savard Derek Forbort
Goaltenders
Starting : Malcolm Subban
Backup : Marc-Andre Fleury
Extra Forwards
Normal : Tanner Pearson, Mike Hoffman, Jesper Fast - PP : Tanner Pearson, Mike Hoffman - PK : Jesper Fast
Extra Defensemen
Normal : Henri Jokiharju, Jacob Middleton, Anthony DeAngelo - PP : Henri Jokiharju - PK : Jacob Middleton, Anthony DeAngelo
Penalty Shots
Ryan Hartman, William Karlsson, Oliver Bjorkstrand, Jakob Silfverberg, Nick Paul
% Time on Ice - Philadelphia Flyers
Lines # - Real PCT - Wanted PCT - Time Play
Normal Forward
1 - 29% - 30% - 14:43
2 - 29% - 30% - 15:11
3 - 20% - 20% - 10:26
4 - 22% - 20% - 11:18
Normal Defense
1 - 34% - 35% - 17:34
2 - 34% - 35% - 17:30
3 - 31% - 30% - 15:49
4 - 1% - 0% - 0:45
PP Forward
1 - 59% - 55% - 2:36
2 - 41% - 45% - 1:48
PP Defense
1 - 59% - 55% - 2:35
2 - 41% - 45% - 1:49
PK Forward
1 - 59% - 55% - 2:21
2 - 41% - 45% - 1:37
PK Defense
1 - 62% - 50% - 2:27
2 - 38% - 50% - 1:31
PK3 Forward
1 - 0% - 50%
2 - 0% - 50%
PK3 Defense
1 - 0% - 50%
2 - 0% - 50%
44 Forward
1 - 0% - 50%
2 - 0% - 50%
44 Defense
1 - 0% - 50%
2 - 0% - 50%
Last Minute Offensive - 0:00
Last Minute Defensive - 0:00
Total
Forward - 60:00
Defense - 60:00
|
% Time on Ice - San Jose Sharks
Lines # - Real PCT - Wanted PCT - Time Play
Normal Forward
1 - 33% - 40% - 17:16
2 - 31% - 30% - 16:08
3 - 21% - 20% - 10:40
4 - 15% - 10% - 7:34
Normal Defense
1 - 39% - 40% - 19:58
2 - 34% - 30% - 17:43
3 - 24% - 20% - 12:13
4 - 3% - 10% - 1:44
PP Forward
1 - 54% - 60% - 2:09
2 - 46% - 40% - 1:49
PP Defense
1 - 59% - 60% - 2:21
2 - 41% - 40% - 1:37
PK Forward
1 - 72% - 60% - 3:11
2 - 28% - 40% - 1:13
PK Defense
1 - 55% - 60% - 2:24
2 - 45% - 40% - 2:00
PK3 Forward
1 - 0% - 60%
2 - 0% - 40%
PK3 Defense
1 - 0% - 60%
2 - 0% - 40%
44 Forward
1 - 0% - 60%
2 - 0% - 40%
44 Defense
1 - 0% - 60%
2 - 0% - 40%
Last Minute Offensive - 0:00
Last Minute Defensive - 0:00
Total
Forward - 60:00
Defense - 60:00
|
Play-by-Play
1st period
0:01 of 1st period - Ryan Hartman wins face-off versus Elias Lindholm in neutral zone.
0:15 of 1st period - Justin Faulk is hit by Derek Forbort and loses puck.
0:48 of 1st period - Snap shot by Carter Verhaeghe.
0:48 of 1st period - Shot Misses the Net.
0:58 of 1st period - Slapshot by Evgenii Dadonov.
0:58 of 1st period - Stopped by Malcolm Subban with a rebound.
1:28 of 1st period - Oliver Bjorkstrand is hit by Ben Chiarot and loses puck.
2:26 of 1st period - Icing by Andreas Athanasiou.
2:27 of 1st period - Andreas Athanasiou wins face-off versus Carter Verhaeghe in San Jose Sharks zone.
2:54 of 1st period - Snap shot by Andreas Athanasiou.
2:54 of 1st period - Shot Blocked by Calle Jarnkrok.
2:56 of 1st period - Slapshot by Derek Forbort.
2:56 of 1st period - Stopped by Mackenzie Blackwood without a rebound.
2:57 of 1st period - Ryan Hartman wins face-off versus Yanni Gourde in Philadelphia Flyers zone.
3:02 of 1st period - Snap shot by Ryan Hartman.
3:02 of 1st period - Shot Misses the Net.
3:04 of 1st period - Wrist shot by Oliver Bjorkstrand.
3:04 of 1st period - Shot Misses the Net.
3:06 of 1st period - Slapshot by Jacob Middleton.
3:06 of 1st period - Shot Misses the Net.
3:08 of 1st period - Slapshot by Jacob Middleton.
3:08 of 1st period - Stopped by Mackenzie Blackwood with a rebound.
3:29 of 1st period - Michael Bunting is hit by Tyler Bertuzzi and loses puck.
3:57 of 1st period - Minor Penalty to Oliver Ekman-Larsson for High sticking.
3:58 of 1st period - Yanni Gourde wins face-off versus Ryan Hartman in Philadelphia Flyers zone.
5:57 of 1st period - Penalty to Oliver Ekman-Larsson is over, Oliver Ekman-Larsson is back on ice.
6:05 of 1st period - Wrist shot by Sonny Milano.
6:05 of 1st period - Stopped by Mackenzie Blackwood with a rebound.
6:07 of 1st period - Wrist shot by Henri Jokiharju.
6:07 of 1st period - Stopped by Mackenzie Blackwood without a rebound.
6:08 of 1st period - Tyler Johnson wins face-off versus Oskar Sundqvist in Philadelphia Flyers zone.
6:15 of 1st period - Sonny Milano is hit by Tyler Johnson and loses puck.
6:24 of 1st period - Wrist shot by Sonny Milano.
6:24 of 1st period - Shot Misses the Net.
6:47 of 1st period - Wrist shot by Andreas Athanasiou.
6:47 of 1st period - Stopped by Mackenzie Blackwood without a rebound.
6:48 of 1st period - Ryan Hartman wins face-off versus Elias Lindholm in Philadelphia Flyers zone.
6:51 of 1st period - Wrist shot by Ryan Hartman.
6:51 of 1st period - Stopped by Mackenzie Blackwood with a rebound.
7:04 of 1st period - William Karlsson is hit by Alexander Barabanov and loses puck.
7:31 of 1st period - Icing by Matt Roy.
7:32 of 1st period - Nick Paul wins face-off versus Tomas Tatar in Philadelphia Flyers zone.
7:57 of 1st period - Justin Faulk is hit by Derek Forbort and loses puck.
8:26 of 1st period - Joel Edmundson is hit by Alexander Edler and loses puck.
9:06 of 1st period - Off-side.
9:07 of 1st period - Nick Paul wins face-off versus Calle Jarnkrok in neutral zone.
9:55 of 1st period - Slapshot by Ryan Hartman.
9:55 of 1st period - Shot Blocked by Matt Boldy.
9:55 of 1st period - Matt Boldy from Philadelphia Flyers is injured at 9:55 of 1st period (Lower Body).
9:56 of 1st period - Ryan Hartman wins face-off versus Yanni Gourde in Philadelphia Flyers zone.
10:23 of 1st period - Carter Verhaeghe is hit by Michael Bunting and loses puck.
11:22 of 1st period - Oliver Bjorkstrand is hit by Yanni Gourde.
11:50 of 1st period - Wrist shot by Marcus Johansson.
11:50 of 1st period - Shot Blocked by Michael Bunting.
12:06 of 1st period - Slapshot by Carter Verhaeghe.
12:06 of 1st period - Shot Blocked by Andreas Athanasiou.
12:22 of 1st period - Backhand shot by Elias Lindholm.
12:22 of 1st period - Stopped by Malcolm Subban with a rebound.
12:41 of 1st period - Snap shot by William Karlsson.
12:41 of 1st period - Stopped by Mackenzie Blackwood with a rebound.
12:43 of 1st period - Snap shot by William Karlsson.
12:43 of 1st period - Deflect By Oliver Bjorkstrand.
12:43 of 1st period - Shot Hit the Post.
12:43 of 1st period - Puck is out of play.
12:44 of 1st period - Ryan Hartman wins face-off versus Calle Jarnkrok in Philadelphia Flyers zone.
12:47 of 1st period - Snap shot by Oliver Bjorkstrand.
12:47 of 1st period - Deflect By Ryan Hartman.
12:47 of 1st period - Stopped by Mackenzie Blackwood with a rebound.
13:06 of 1st period - Icing by William Karlsson.
13:07 of 1st period - Yanni Gourde wins face-off versus Ryan Hartman in San Jose Sharks zone.
13:20 of 1st period - Snap shot by Elias Lindholm.
13:20 of 1st period - Shot Misses the Net.
13:38 of 1st period - Slapshot by Yanni Gourde.
13:38 of 1st period - Shot Misses the Net.
13:40 of 1st period - Slapshot by Matt Roy.
13:40 of 1st period - Shot Blocked by Ryan Hartman.
13:42 of 1st period - Snap shot by Matt Roy.
13:42 of 1st period - Shot Blocked by Ryan Hartman.
14:24 of 1st period - Snap shot by Elias Lindholm.
14:24 of 1st period - Shot Misses the Net.
14:26 of 1st period - Wrist shot by Tyler Bertuzzi.
14:26 of 1st period - Stopped by Malcolm Subban with a rebound.
14:28 of 1st period - Wrist shot by Elias Lindholm.
14:28 of 1st period - Shot Misses the Net.
14:44 of 1st period - Snap shot by Oskar Sundqvist.
14:44 of 1st period - Shot Misses the Net.
14:46 of 1st period - Slapshot by Henri Jokiharju.
14:46 of 1st period - Shot Blocked by Alexander Edler.
14:48 of 1st period - Slapshot by Henri Jokiharju.
14:48 of 1st period - Deflect By Yanni Gourde.
14:48 of 1st period - Stopped by Mackenzie Blackwood with a rebound.
15:45 of 1st period - Minor Penalty to Joel Edmundson for Hooking.
15:46 of 1st period - Elias Lindholm wins face-off versus William Karlsson in San Jose Sharks zone.
16:01 of 1st period - William Karlsson is hit by Yanni Gourde and loses puck.
16:12 of 1st period - William Karlsson is hit by Justin Faulk and loses puck.
16:41 of 1st period - Oliver Bjorkstrand is hit by Evgenii Dadonov and loses puck.
17:07 of 1st period - Icing by Justin Faulk.
17:08 of 1st period - Ryan Hartman wins face-off versus Elias Lindholm in Philadelphia Flyers zone.
17:25 of 1st period - Ryan Hartman is hit by Carter Verhaeghe and loses puck.
17:45 of 1st period - Penalty to Joel Edmundson is over, Joel Edmundson is back on ice.
17:54 of 1st period - Slapshot by Mike Hoffman.
17:54 of 1st period - Stopped by Mackenzie Blackwood with a rebound.
18:20 of 1st period - Wrist shot by Michael Bunting.
18:20 of 1st period - Stopped by Mackenzie Blackwood without a rebound.
18:21 of 1st period - Yanni Gourde wins face-off versus Oskar Sundqvist in Philadelphia Flyers zone.
18:46 of 1st period - Nick Paul is hit by Justin Faulk.
18:53 of 1st period - Slapshot by Michael Bunting.
18:53 of 1st period - Stopped by Mackenzie Blackwood without a rebound.
18:54 of 1st period - Ryan Hartman wins face-off versus Elias Lindholm in Philadelphia Flyers zone.
19:09 of 1st period - Slapshot by Ryan Hartman.
19:09 of 1st period - Shot Misses the Net.
19:17 of 1st period - Ben Chiarot is hit by Ryan Hartman and loses puck.
19:32 of 1st period - Slapshot by Elias Lindholm.
19:32 of 1st period - Stopped by Malcolm Subban with a rebound.
19:34 of 1st period - Wrist shot by Tyler Bertuzzi.
19:34 of 1st period - Stopped by Malcolm Subban without a rebound.
19:35 of 1st period - Calle Jarnkrok wins face-off versus Nick Paul in San Jose Sharks zone.
19:36 of 1st period - Wrist shot by Carter Verhaeghe.
19:36 of 1st period - Stopped by Malcolm Subban with a rebound.
19:38 of 1st period - Slapshot by Derrick Pouliot.
19:38 of 1st period - Shot Blocked by Derek Forbort.
19:45 of 1st period - Snap shot by Carter Verhaeghe.
19:45 of 1st period - Shot Misses the Net.
19:47 of 1st period - Wrist shot by Calle Jarnkrok.
19:47 of 1st period - Stopped by Malcolm Subban without a rebound.
19:48 of 1st period - Yanni Gourde wins face-off versus Nick Paul in San Jose Sharks zone.
Goals for this period are 0 for Philadelphia Flyers vs 0 for San Jose Sharks.
Shots for this period are 7 for Philadelphia Flyers vs 12 for San Jose Sharks.
2nd period
0:01 of 2nd period - Elias Lindholm wins face-off versus Ryan Hartman in neutral zone.
0:14 of 2nd period - Snap shot by Oliver Bjorkstrand.
0:14 of 2nd period - Shot Misses the Net.
0:36 of 2nd period - Wrist shot by Yanni Gourde.
0:36 of 2nd period - Stopped by Malcolm Subban without a rebound.
0:37 of 2nd period - Nick Paul wins face-off versus Elias Lindholm in San Jose Sharks zone.
0:41 of 2nd period - Off-side.
0:42 of 2nd period - Nick Paul wins face-off versus Elias Lindholm in neutral zone.
0:44 of 2nd period - Off-side.
0:45 of 2nd period - Tyler Bertuzzi wins face-off versus Nick Paul in neutral zone.
0:45 of 2nd period - Tyler Bertuzzi is hit by Michael Bunting.
0:53 of 2nd period - Slapshot by Oliver Ekman-Larsson.
0:53 of 2nd period - Shot Blocked by Anthony DeAngelo.
0:55 of 2nd period - Wrist shot by Tyler Bertuzzi.
0:55 of 2nd period - Shot Blocked by Joel Edmundson.
0:57 of 2nd period - Snap shot by Ben Chiarot.
0:57 of 2nd period - Shot Blocked by Joel Edmundson.
0:59 of 2nd period - Snap shot by Elias Lindholm.
0:59 of 2nd period - Shot Misses the Net.
1:01 of 2nd period - Snap shot by Elias Lindholm.
1:01 of 2nd period - Shot Blocked by Joel Edmundson.
1:09 of 2nd period - Snap shot by Tyler Bertuzzi.
1:09 of 2nd period - Shot Misses the Net.
1:11 of 2nd period - Snap shot by Tyler Bertuzzi.
1:11 of 2nd period - Goal by Tyler Bertuzzi - Philadelphia Flyers : 1 - San Jose Sharks : 0.
1:12 of 2nd period - Ryan Hartman wins face-off versus Calle Jarnkrok in neutral zone.
1:14 of 2nd period - Minor Penalty to Ryan Hartman for Roughing.
1:15 of 2nd period - Elias Lindholm wins face-off versus Jesper Fast in San Jose Sharks zone.
1:19 of 2nd period - Snap shot by Tyler Bertuzzi.
1:19 of 2nd period - Stopped by Malcolm Subban without a rebound.
1:20 of 2nd period - Elias Lindholm wins face-off versus Jesper Fast in San Jose Sharks zone.
1:29 of 2nd period - Snap shot by Elias Lindholm.
1:29 of 2nd period - Shot Misses the Net.
1:31 of 2nd period - Slapshot by Justin Faulk.
1:31 of 2nd period - Deflect By Yanni Gourde.
1:31 of 2nd period - Stopped by Malcolm Subban with a rebound.
1:33 of 2nd period - Snap shot by Elias Lindholm.
1:33 of 2nd period - Shot Misses the Net.
1:35 of 2nd period - Slapshot by Justin Faulk.
1:35 of 2nd period - Shot Blocked by Derek Forbort.
1:37 of 2nd period - Snap shot by Elias Lindholm.
1:37 of 2nd period - Deflect By Yanni Gourde.
1:37 of 2nd period - Goal by Yanni Gourde - Philadelphia Flyers : 2 - San Jose Sharks : 0.
1:38 of 2nd period - Calle Jarnkrok wins face-off versus Ryan Hartman in neutral zone.
1:53 of 2nd period - Snap shot by Calle Jarnkrok.
1:53 of 2nd period - Shot Blocked by Oliver Bjorkstrand.
2:11 of 2nd period - Evan Rodrigues is hit by Nick Paul and loses puck.
2:33 of 2nd period - Icing by Tanner Pearson.
2:34 of 2nd period - Elias Lindholm wins face-off versus Andreas Athanasiou in San Jose Sharks zone.
2:41 of 2nd period - Slapshot by Andreas Athanasiou.
2:41 of 2nd period - Stopped by Mackenzie Blackwood with a rebound.
2:43 of 2nd period - Slapshot by Tanner Pearson.
2:43 of 2nd period - Stopped by Mackenzie Blackwood without a rebound.
2:44 of 2nd period - Elias Lindholm wins face-off versus Ryan Hartman in Philadelphia Flyers zone.
2:44 of 2nd period - Elias Lindholm is hit by David Savard.
3:16 of 2nd period - Matt Roy is hit by Nick Paul and loses puck.
3:43 of 2nd period - Carter Verhaeghe is hit by Joel Edmundson and loses puck.
3:54 of 2nd period - Matt Roy is hit by Oskar Sundqvist and loses puck.
4:15 of 2nd period - Wrist shot by Carter Verhaeghe.
4:15 of 2nd period - Stopped by Malcolm Subban with a rebound.
4:21 of 2nd period - Snap shot by Yanni Gourde.
4:21 of 2nd period - Shot Misses the Net.
5:22 of 2nd period - Snap shot by Evgenii Dadonov.
5:22 of 2nd period - Shot Misses the Net.
5:24 of 2nd period - Snap shot by Oliver Ekman-Larsson.
5:24 of 2nd period - Shot Blocked by Derek Forbort.
5:26 of 2nd period - Snap shot by Evgenii Dadonov.
5:26 of 2nd period - Deflect By Alexander Barabanov.
5:26 of 2nd period - Shot Misses the Net.
5:26 of 2nd period - Puck is out of play.
5:27 of 2nd period - Ryan Hartman wins face-off versus Tyler Johnson in San Jose Sharks zone.
5:32 of 2nd period - Tomas Tatar is hit by William Karlsson and loses puck.
5:41 of 2nd period - Slapshot by Tomas Tatar.
5:41 of 2nd period - Shot Misses the Net.
5:43 of 2nd period - Slapshot by Marcus Johansson.
5:43 of 2nd period - Shot Blocked by Jacob Middleton.
6:42 of 2nd period - Slapshot by Elias Lindholm.
6:42 of 2nd period - Shot Blocked by Henri Jokiharju.
6:58 of 2nd period - Minor Penalty to Tyler Bertuzzi for Delaying the game.
6:59 of 2nd period - Ryan Hartman wins face-off versus Yanni Gourde in Philadelphia Flyers zone.
7:16 of 2nd period - Ben Chiarot is hit by David Savard and loses puck.
8:53 of 2nd period - Snap shot by Tanner Pearson.
8:53 of 2nd period - Deflect By Mike Hoffman.
8:53 of 2nd period - Stopped by Mackenzie Blackwood with a rebound.
8:55 of 2nd period - Slapshot by Tanner Pearson.
8:55 of 2nd period - Shot Blocked by Ben Chiarot.
8:58 of 2nd period - Penalty to Tyler Bertuzzi is over, Tyler Bertuzzi is back on ice.
10:31 of 2nd period - Joel Edmundson is hit by Carter Verhaeghe and loses puck.
10:44 of 2nd period - Wrist shot by Jakob Silfverberg.
10:44 of 2nd period - Goal by Jakob Silfverberg - Philadelphia Flyers : 2 - San Jose Sharks : 1.
10:45 of 2nd period - Elias Lindholm wins face-off versus Nick Paul in neutral zone.
10:52 of 2nd period - Snap shot by Jakob Silfverberg.
10:52 of 2nd period - Deflect By Michael Bunting.
10:52 of 2nd period - Stopped by Mackenzie Blackwood without a rebound.
10:53 of 2nd period - Nick Paul wins face-off versus Elias Lindholm in Philadelphia Flyers zone.
11:08 of 2nd period - Elias Lindholm is hit by David Savard and loses puck.
11:26 of 2nd period - Icing by Tyler Bertuzzi.
11:27 of 2nd period - Ryan Hartman wins face-off versus Elias Lindholm in Philadelphia Flyers zone.
12:17 of 2nd period - Slapshot by Michael Bunting.
12:17 of 2nd period - Stopped by Mackenzie Blackwood with a rebound.
12:27 of 2nd period - Wrist shot by Calle Jarnkrok.
12:27 of 2nd period - Stopped by Malcolm Subban without a rebound.
12:28 of 2nd period - Yanni Gourde wins face-off versus Ryan Hartman in San Jose Sharks zone.
12:53 of 2nd period - William Karlsson is hit by Marcus Johansson and loses puck.
13:13 of 2nd period - Off-side.
13:14 of 2nd period - Elias Lindholm wins face-off versus Nick Paul in neutral zone.
13:36 of 2nd period - Nick Paul is hit by Elias Lindholm and loses puck.
13:55 of 2nd period - Snap shot by Tyler Bertuzzi.
13:55 of 2nd period - Shot Blocked by Joel Edmundson.
13:55 of 2nd period - Joel Edmundson from San Jose Sharks is injured at 13:55 of 2nd period (Strained Right Knee).
13:56 of 2nd period - Ryan Hartman wins face-off versus Yanni Gourde in San Jose Sharks zone.
14:22 of 2nd period - Ben Chiarot is hit by Michael Bunting and loses puck.
14:29 of 2nd period - Slapshot by Oliver Ekman-Larsson.
14:29 of 2nd period - Stopped by Malcolm Subban with a rebound.
14:31 of 2nd period - Wrist shot by Carter Verhaeghe.
14:31 of 2nd period - Shot Misses the Net.
14:43 of 2nd period - Wrist shot by Marcus Johansson.
14:43 of 2nd period - Stopped by Malcolm Subban with a rebound.
14:45 of 2nd period - Slapshot by Alexander Edler.
14:45 of 2nd period - Stopped by Malcolm Subban with a rebound.
14:47 of 2nd period - Snap shot by Derrick Pouliot.
14:47 of 2nd period - Stopped by Malcolm Subban with a rebound.
14:49 of 2nd period - Snap shot by Tomas Tatar.
14:49 of 2nd period - Stopped by Malcolm Subban without a rebound.
14:50 of 2nd period - Ryan Hartman wins face-off versus Yanni Gourde in San Jose Sharks zone.
15:05 of 2nd period - Slapshot by William Karlsson.
15:05 of 2nd period - Stopped by Mackenzie Blackwood with a rebound.
15:45 of 2nd period - Marcus Johansson is hit by Andreas Athanasiou and loses puck.
16:26 of 2nd period - Slapshot by Oliver Ekman-Larsson.
16:26 of 2nd period - Stopped by Malcolm Subban without a rebound.
16:27 of 2nd period - Yanni Gourde wins face-off versus Nick Paul in San Jose Sharks zone.
16:28 of 2nd period - Wrist shot by Elias Lindholm.
16:28 of 2nd period - Shot Misses the Net.
16:30 of 2nd period - Slapshot by Elias Lindholm.
16:30 of 2nd period - Shot Misses the Net.
16:34 of 2nd period - Wrist shot by Yanni Gourde.
16:34 of 2nd period - Shot Misses the Net.
16:36 of 2nd period - Snap shot by Elias Lindholm.
16:36 of 2nd period - Stopped by Malcolm Subban without a rebound.
16:37 of 2nd period - Yanni Gourde wins face-off versus Jakob Silfverberg in San Jose Sharks zone.
17:14 of 2nd period - Snap shot by Yanni Gourde.
17:14 of 2nd period - Stopped by Malcolm Subban without a rebound.
17:15 of 2nd period - Calle Jarnkrok wins face-off versus William Karlsson in San Jose Sharks zone.
17:18 of 2nd period - Wrist shot by Carter Verhaeghe.
17:18 of 2nd period - Stopped by Malcolm Subban with a rebound.
17:20 of 2nd period - Slapshot by Oliver Ekman-Larsson.
17:20 of 2nd period - Shot Misses the Net.
17:22 of 2nd period - Slapshot by Ben Chiarot.
17:22 of 2nd period - Deflect By Oliver Bjorkstrand.
17:22 of 2nd period - Stopped by Malcolm Subban without a rebound.
17:23 of 2nd period - Ryan Hartman wins face-off versus Calle Jarnkrok in San Jose Sharks zone.
17:59 of 2nd period - Snap shot by Evgenii Dadonov.
17:59 of 2nd period - Shot Blocked by Henri Jokiharju.
18:01 of 2nd period - Snap shot by Carter Verhaeghe.
18:01 of 2nd period - Stopped by Malcolm Subban without a rebound.
18:02 of 2nd period - Nick Paul wins face-off versus Yanni Gourde in San Jose Sharks zone.
18:11 of 2nd period - Wrist shot by Nick Paul.
18:11 of 2nd period - Stopped by Mackenzie Blackwood without a rebound.
18:12 of 2nd period - Nick Paul wins face-off versus Yanni Gourde in Philadelphia Flyers zone.
18:21 of 2nd period - Slapshot by Elias Lindholm.
18:21 of 2nd period - Shot Blocked by Jakob Silfverberg.
18:55 of 2nd period - Wrist shot by Jakob Silfverberg.
18:55 of 2nd period - Stopped by Mackenzie Blackwood with a rebound.
19:05 of 2nd period - Slapshot by Jakob Silfverberg.
19:05 of 2nd period - Stopped by Mackenzie Blackwood without a rebound.
19:06 of 2nd period - Calle Jarnkrok wins face-off versus Ryan Hartman in Philadelphia Flyers zone.
19:06 of 2nd period - Calle Jarnkrok is hit by Ryan Hartman.
19:12 of 2nd period - Slapshot by Calle Jarnkrok.
19:12 of 2nd period - Stopped by Malcolm Subban without a rebound.
19:13 of 2nd period - Calle Jarnkrok wins face-off versus Ryan Hartman in San Jose Sharks zone.
19:14 of 2nd period - Slapshot by Evgenii Dadonov.
19:14 of 2nd period - Deflect By Calle Jarnkrok.
19:14 of 2nd period - Shot Misses the Net.
19:14 of 2nd period - Puck is out of play.
19:15 of 2nd period - Ryan Hartman wins face-off versus Evgenii Dadonov in San Jose Sharks zone.
19:24 of 2nd period - Wrist shot by Oliver Bjorkstrand.
19:24 of 2nd period - Stopped by Mackenzie Blackwood with a rebound.
19:48 of 2nd period - Wrist shot by William Karlsson.
19:48 of 2nd period - Shot Misses the Net.
19:58 of 2nd period - Wrist shot by Evgenii Dadonov.
19:58 of 2nd period - Shot Blocked by Ryan Hartman.
Goals for this period are 2 for Philadelphia Flyers vs 1 for San Jose Sharks.
Shots for this period are 19 for Philadelphia Flyers vs 11 for San Jose Sharks.
3rd period
0:01 of 3rd period - Elias Lindholm wins face-off versus Ryan Hartman in neutral zone.
0:35 of 3rd period - Slapshot by Mike Hoffman.
0:35 of 3rd period - Stopped by Mackenzie Blackwood without a rebound.
0:36 of 3rd period - Ryan Hartman wins face-off versus Elias Lindholm in Philadelphia Flyers zone.
1:03 of 3rd period - Yanni Gourde is hit by Andreas Athanasiou and loses puck.
1:24 of 3rd period - Wrist shot by Tomas Tatar.
1:24 of 3rd period - Deflect By Tyler Johnson.
1:24 of 3rd period - Shot Blocked by Jacob Middleton.
1:24 of 3rd period - Puck is out of play.
1:25 of 3rd period - Tyler Johnson wins face-off versus Nick Paul in San Jose Sharks zone.
1:33 of 3rd period - Off-side.
1:34 of 3rd period - Oliver Bjorkstrand wins face-off versus Tyler Bertuzzi in neutral zone.
1:49 of 3rd period - Snap shot by William Karlsson.
1:49 of 3rd period - Stopped by Mackenzie Blackwood without a rebound.
1:50 of 3rd period - Nick Paul wins face-off versus Calle Jarnkrok in Philadelphia Flyers zone.
1:51 of 3rd period - Wrist shot by Jakob Silfverberg.
1:51 of 3rd period - Shot Blocked by Matt Roy.
2:16 of 3rd period - Alexander Barabanov is hit by Ryan Hartman and loses puck.
2:27 of 3rd period - Slapshot by William Karlsson.
2:27 of 3rd period - Stopped by Mackenzie Blackwood with a rebound.
2:58 of 3rd period - Minor Penalty to Anthony DeAngelo for Tripping.
2:59 of 3rd period - Evan Rodrigues wins face-off versus Ryan Hartman in San Jose Sharks zone.
3:02 of 3rd period - Snap shot by Evan Rodrigues.
3:02 of 3rd period - Shot Blocked by William Karlsson.
3:04 of 3rd period - Slapshot by Derrick Pouliot.
3:04 of 3rd period - Stopped by Malcolm Subban without a rebound.
3:05 of 3rd period - Ryan Hartman wins face-off versus Evan Rodrigues in San Jose Sharks zone.
3:14 of 3rd period - Snap shot by Ryan Hartman.
3:14 of 3rd period - Deflect By Oliver Ekman-Larsson.
3:14 of 3rd period - Shot Misses the Net.
3:14 of 3rd period - Puck is out of play.
3:15 of 3rd period - Elias Lindholm wins face-off versus Ryan Hartman in Philadelphia Flyers zone.
3:23 of 3rd period - Wrist shot by William Karlsson.
3:23 of 3rd period - Stopped by Mackenzie Blackwood with a rebound.
3:41 of 3rd period - David Savard is hit by Justin Faulk and loses puck.
4:58 of 3rd period - Penalty to Anthony DeAngelo is over, Anthony DeAngelo is back on ice.
6:22 of 3rd period - Snap shot by Elias Lindholm.
6:22 of 3rd period - Shot Misses the Net.
6:30 of 3rd period - Elias Lindholm is hit by Ryan Hartman.
6:49 of 3rd period - Slapshot by Derek Forbort.
6:49 of 3rd period - Stopped by Mackenzie Blackwood with a rebound.
6:51 of 3rd period - Snap shot by Derek Forbort.
6:51 of 3rd period - Deflect By Sonny Milano.
6:51 of 3rd period - Shot Misses the Net.
6:51 of 3rd period - Puck is out of play.
6:52 of 3rd period - Calle Jarnkrok wins face-off versus Nick Paul in Philadelphia Flyers zone.
7:13 of 3rd period - Derrick Pouliot is hit by Oliver Bjorkstrand and loses puck.
7:45 of 3rd period - Matt Roy is hit by Mike Hoffman and loses puck.
8:00 of 3rd period - Michael Bunting is hit by Calle Jarnkrok.
8:19 of 3rd period - Ben Chiarot is hit by Sonny Milano and loses puck.
8:38 of 3rd period - Slapshot by Evgenii Dadonov.
8:38 of 3rd period - Shot Misses the Net.
8:42 of 3rd period - Wrist shot by Yanni Gourde.
8:42 of 3rd period - Stopped by Malcolm Subban without a rebound.
8:43 of 3rd period - Yanni Gourde wins face-off versus Ryan Hartman in San Jose Sharks zone.
8:54 of 3rd period - Justin Faulk is hit by Ryan Hartman and loses puck.
8:59 of 3rd period - Wrist shot by William Karlsson.
8:59 of 3rd period - Stopped by Mackenzie Blackwood with a rebound.
9:09 of 3rd period - Nick Paul is hit by Matt Roy and loses puck.
9:25 of 3rd period - Icing by Justin Faulk.
9:26 of 3rd period - Mike Hoffman wins face-off versus Tyler Johnson in Philadelphia Flyers zone.
9:27 of 3rd period - Slapshot by Tanner Pearson.
9:27 of 3rd period - Stopped by Mackenzie Blackwood with a rebound.
9:38 of 3rd period - Off-side.
9:39 of 3rd period - Elias Lindholm wins face-off versus Oliver Bjorkstrand in neutral zone.
9:50 of 3rd period - Snap shot by William Karlsson.
9:50 of 3rd period - Shot Blocked by Oliver Ekman-Larsson.
9:52 of 3rd period - Wrist shot by Ryan Hartman.
9:52 of 3rd period - Stopped by Mackenzie Blackwood with a rebound.
9:54 of 3rd period - Slapshot by Derek Forbort.
9:54 of 3rd period - Deflect By Elias Lindholm.
9:54 of 3rd period - Stopped by Mackenzie Blackwood without a rebound.
9:55 of 3rd period - Yanni Gourde wins face-off versus Nick Paul in Philadelphia Flyers zone.
10:20 of 3rd period - Ryan Hartman is hit by Ben Chiarot.
10:26 of 3rd period - Wrist shot by Carter Verhaeghe.
10:26 of 3rd period - Shot Misses the Net.
10:28 of 3rd period - Slapshot by Oliver Ekman-Larsson.
10:28 of 3rd period - Shot Blocked by Oliver Bjorkstrand.
10:30 of 3rd period - Snap shot by Calle Jarnkrok.
10:30 of 3rd period - Stopped by Malcolm Subban with a rebound.
10:44 of 3rd period - Wrist shot by Mike Hoffman.
10:44 of 3rd period - Shot Blocked by Oliver Ekman-Larsson.
10:50 of 3rd period - Tomas Tatar is hit by Jacob Middleton and loses puck.
11:09 of 3rd period - Snap shot by Michael Bunting.
11:09 of 3rd period - Stopped by Mackenzie Blackwood without a rebound.
11:10 of 3rd period - Yanni Gourde wins face-off versus Nick Paul in Philadelphia Flyers zone.
11:21 of 3rd period - Wrist shot by Yanni Gourde.
11:21 of 3rd period - Shot Blocked by Anthony DeAngelo.
11:46 of 3rd period - Snap shot by Michael Bunting.
11:46 of 3rd period - Stopped by Mackenzie Blackwood without a rebound.
11:47 of 3rd period - Ryan Hartman wins face-off versus Carter Verhaeghe in Philadelphia Flyers zone.
12:00 of 3rd period - Snap shot by Ryan Hartman.
12:00 of 3rd period - Shot Misses the Net.
12:44 of 3rd period - Alexander Barabanov is hit by Sonny Milano and loses puck.
14:01 of 3rd period - Minor Penalty to Oskar Sundqvist for Roughing.
14:02 of 3rd period - Elias Lindholm wins face-off versus Ryan Hartman in San Jose Sharks zone.
14:02 of 3rd period - Snap shot by Tyler Bertuzzi.
14:02 of 3rd period - Goal by Tyler Bertuzzi - Philadelphia Flyers : 3 - San Jose Sharks : 1.
14:03 of 3rd period - Ryan Hartman wins face-off versus Elias Lindholm in neutral zone.
16:01 of 3rd period - Snap shot by Evan Rodrigues.
16:01 of 3rd period - Shot Misses the Net.
16:40 of 3rd period - Icing by Nick Paul.
16:41 of 3rd period - Yanni Gourde wins face-off versus Nick Paul in San Jose Sharks zone.
16:44 of 3rd period - Snap shot by Evan Rodrigues.
16:44 of 3rd period - Stopped by Malcolm Subban without a rebound.
16:45 of 3rd period - Calle Jarnkrok wins face-off versus Andreas Athanasiou in San Jose Sharks zone.
17:14 of 3rd period - Snap shot by Michael Bunting.
17:14 of 3rd period - Stopped by Mackenzie Blackwood without a rebound.
17:15 of 3rd period - Nick Paul wins face-off versus Tyler Johnson in Philadelphia Flyers zone.
17:46 of 3rd period - Wrist shot by Tanner Pearson.
17:46 of 3rd period - Shot Blocked by Ben Chiarot.
17:56 of 3rd period - Minor Penalty to Mike Hoffman for Interference.
17:57 of 3rd period - Elias Lindholm wins face-off versus Ryan Hartman in San Jose Sharks zone.
17:58 of 3rd period - Snap shot by Tyler Bertuzzi.
17:58 of 3rd period - Goal by Tyler Bertuzzi - Philadelphia Flyers : 4 - San Jose Sharks : 1.
17:59 of 3rd period - Elias Lindholm wins face-off versus Ryan Hartman in neutral zone.
18:26 of 3rd period - Nick Paul is hit by Yanni Gourde and loses puck.
19:05 of 3rd period - Alexander Edler is hit by Jesper Fast and loses puck.
19:32 of 3rd period - Snap shot by Elias Lindholm.
19:32 of 3rd period - Shot Misses the Net.
19:58 of 3rd period - Off-side.
19:59 of 3rd period - Andreas Athanasiou wins face-off versus Tomas Tatar in neutral zone.
Goals for this period are 2 for Philadelphia Flyers vs 0 for San Jose Sharks.
Shots for this period are 6 for Philadelphia Flyers vs 12 for San Jose Sharks.
Back to the Top